 Dungeon Crawl Stone Soup version 0.29-a0-330-g52719c12eb (webtiles) character file.

Game seed: 7716255257334230544

2412 sanka the Insei (level 9, -5/68 (74) HPs)
             Began as a Gnoll Monk on May 20, 2022.
             Was a Priest of Okawaru.
             Slain by a wight
             ... wielding a +0 great sword
              (17 damage)
             ... on level 8 of the Dungeon.
             The game lasted 00:09:51 (7957 turns).

sanka the Insei (Gnoll Monk)                        Turns: 7957, Time: 00:09:52

HP:   -5/68 (74)    AC:  6    Str: 13    XL:     9   Next: 47%
MP:   15/15         EV: 18    Int: 12    God:    Okawaru [***...]
Gold: 309           SH:  0    Dex: 14    Spells: 16/16 levels left

rFire   . . .      SeeInvis .   a - +3 great sword (freeze)
rCold   . . .      Faith    .   (shield currently unavailable)
rNeg    + . .      Spirit   .   g - +0 robe
rPois   .          Reflect  .   B - +0 helmet
rElec   .          Harm     .   t - +1 cloak {Stlth+}
rCorr   .          Rampage  .   (no gloves)
Will    .....                   (no boots)
Stlth   ++++++....              e - amulet of magic regeneration
HPRegen 0.21/turn               k - ring of positive energy
MPRegen 0.54/turn               h - ring of flight

@: heroic, flying, drained
A: fangs 1, strong nose, distributed training
a: Renounce Religion, Heroism


You were on level 8 of the Dungeon.
You worshipped Okawaru.
Okawaru was most pleased with you.
You visited 2 branches of the dungeon, and saw 9 of its levels.

You collected 309 gold pieces.


Innate Abilities, Weirdness & Mutations

You have very sharp teeth.
Your uncanny sense of smell can sniff out nearby items.
Your experience applies equally to all skills.


   Skills:
 + Level 7.9(12.9) Fighting
 + Level 4.2(9.2) Short Blades
 + Level 4.2(9.2) Long Blades
 + Level 4.2(9.2) Axes
 + Level 4.2(9.2) Maces & Flails
 + Level 4.2(9.2) Polearms
 + Level 4.2(9.2) Staves
 + Level 4.2(9.2) Slings
 + Level 4.2(9.2) Bows
 + Level 4.2(9.2) Crossbows
 + Level 4.2(9.2) Throwing
 + Level 4.2(9.2) Armour
 + Level 7.9(12.9) Dodging
 + Level 6.0(11.0) Stealth
 + Level 4.2(9.2) Shields
 + Level 7.9(12.9) Unarmed Combat
 + Level 4.2 Spellcasting
 + Level 3.5 Conjurations
 + Level 3.5 Hexes
 + Level 3.5 Summonings
 + Level 3.5 Necromancy
 + Level 3.5 Translocations
 + Level 3.5 Transmutations
 + Level 3.5 Fire Magic
 + Level 3.5 Ice Magic
 + Level 3.5 Air Magic
 + Level 3.5 Earth Magic
 + Level 3.5 Poison Magic
 + Level 4.7 Invocations
 + Level 4.2 Evocations


You had 16 spell levels left.
You didn't know any spells.
Your spell library contained the following spells:

 Spells                   Type           Power      Damage    Failure   Level
 Apportation              Tloc           22%        N/A       4%          1
 Orb of Destruction       Conj           5%         9d5       100%        7
 Animate Skeleton         Necr           Unusable   N/A       N/A         1
 Summon Small Mammal      Summ           Unusable   N/A       N/A         1
 Summon Guardian Golem    Hex/Summ       Unusable   N/A       N/A         3
 Spellforged Servitor     Conj/Summ      Unusable   N/A       N/A         7

Inventory:

Hand Weapons
 a - a +3 great sword of freezing (weapon)
 b - a +0 dagger
 v - a +4 quarterstaff of chaos
 w - the +6 flail of Equilibrium {venom, rN+ Str+3}

   It poisons the flesh of those it strikes.
   Str:       It affects your strength (+3).
   rN:        It protects you from negative energy.
Missiles
 r - 2 throwing nets (quivered) {=f}
 I - 4 poisoned darts
Armour
 g - a +0 robe (worn)
 t - a +1 cloak of stealth (worn)
 B - a +0 helmet (worn)
Jewellery
 e - an amulet of magic regeneration (around neck)
 h - a ring of flight (right hand)
 k - a ring of positive energy (left hand)
 q - a ring of see invisible
Wands
 l - a wand of paralysis (10)
 C - a wand of flame (14)
 F - a wand of polymorph (8)
Scrolls
 d - 7 scrolls of identify {unknown}
 i - a scroll of immolation {unknown}
 j - a scroll of teleportation {unknown}
 m - 3 scrolls of blinking {unknown}
 n - a scroll of fog {unknown}
 o - a scroll of enchant armour {unknown}
 p - a scroll of summoning {unknown}
 y - 4 scrolls of enchant weapon {unknown}
 D - a scroll of silence {unknown}
Potions
 c - 3 potions of lignification {unknown}
 f - 3 potions of heal wounds {unknown}
 s - 3 potions of might {unknown}
 u - 4 potions of berserk rage {unknown}
 x - a potion of brilliance {unknown}
 z - a potion of invisibility {unknown}
 A - 2 potions of flight {unknown}
 E - 3 potions of ambrosia
 G - a potion of curing {unknown}
 H - a potion of magic {unknown}
 J - a potion of degeneration {unknown}

Dungeon Overview and Level Annotations

Branches:
Dungeon (8/15)             Temple (1/1) D:4
   Lair: D:8-11

Altars:
Ashenzari
Dithmenos
Elyvilon
Fedhas
Gozag
Hepliaklqana
Makhleb
Nemelex Xobeh
Okawaru
Qazlal
Sif Muna
Trog
Uskayaw
Vehumet
Wu Jian
Xom
Yredelemnul
Zin
The Shining One

Shops:
D:2

(
▒.▒▒▒▒▒▒▒▒▒...▒▒▒.▒
▒z...........>....▒
▒.z........▒▒▒.....
▒▒z▒▒▒▒▒▒▒.▒ ▒.▒▒▒▒
▒z▒ ▒.▒ ▒.▒ ▒l▒ ▒[▒
▒.▒ ▒z▒ ▒.▒ ▒.▒ ▒z▒
▒.▒ ▒.. ▒g▒ ▒.▒ ▒.▒
▒)▒ ▒.▒ ▒.▒ ▒.▒
▒.▒▒▒▒▒▒▒▒ ▒.▒
▒......... ..▒
▒.▒▒▒▒▒▒▒▒ ▒.▒ ▒.▒
▒▒▒ ▒▒▒


You could see a wyvern and 6 wights.


Message History

You barely miss the wight.
The wight is almost destroyed.
The wight hits you with a +0 dagger.
* * * LOW HITPOINT WARNING * * *
The wight hits you with a +0 great sword.
* * * LOW HITPOINT WARNING * * *
You partially resist.
You feel drained.
You hit the wight but do no damage.
The wight is almost destroyed.
The wight hits you with a +0 dagger.
* * * LOW HITPOINT WARNING * * *
You partially resist.
You feel drained. The wight closely misses you.
Unknown command.
You barely miss the wight.
The wight is almost destroyed.
The wight misses you.
The wight hits you with a +0 great sword!
* * * LOW HITPOINT WARNING * * *
The wight hits you with a +0 dagger.
* * * LOW HITPOINT WARNING * * *
The wight completely misses you.
A wight comes into view. It is wielding a +0 flail.
You slash the wight!
You destroy the wight!
Okawaru accepts your kill.
The wight hits you with a +0 great sword!
You die...

Action                   |  1- 3 |  4- 6 |  7- 9 || total
-------------------------+-------+-------+-------++-------
Melee: Unarmed           |    44 |       |       ||    44
       Bite              |     4 |     6 |     9 ||    19
       Flail             |    28 |    74 |    89 ||   191
       Punch             |       |     3 |     4 ||     7
       Dagger            |       |       |     1 ||     1
       Great sword       |       |       |    70 ||    70
Invok: Heroism           |       |     4 |    13 ||    17
 Stab: Sleeping          |     6 |     5 |    11 ||    22
       Distracted        |       |       |     1 ||     1
Armor: Robe              |     9 |     5 |    29 ||    43
Dodge: Dodged            |    54 |    51 |   187 ||   292

Levels and vault maps discovered:
D:1:      erik_arrival_triangle_large, layout_basic, kennysheep_flooded_box
D:2:      layout_loops_corners, serial_shops, shop
D:3:      layout_basic, nicolae_tso_carved_into_rock, lemuel_round_altar,
          chequers_ecumenical_altar_island
D:4:      layout_basic, fedhas_altar_1, minmay_temple_entry_sparse_star,
          serial_curves, eino_curves_04, eino_curves_02,
          uniq_crazy_yiuf_cottage, uniq_natasha
D:5:      layout_loops_cross, grunt_temple_overflow_opulence,
          mainiacjoe_overflow_tiny_flanked, nzn_wu_jian_council_hall,
          lemuel_coloured_pillars_altar, grunt_ministairs_15
D:6:      layout_cave_pools, mainiacjoe_overflow_six_doors_small, uniq_eustachio
D:7:      cheibrodos_quashed, layout_basic, mainiacjoe_overflow_alcove_4
D:8:      layout_basic, lemuel_crystal_altar, hangedman_ru_absence, worms_lemuel
Temple:   compressed_dpeg_triangle_lava_temple

Notes
Turn   | Place    | Note
-------+----------+-------------------------------------------
     0 | D:1      | sanka the Gnoll Monk began the quest for the Orb.
     0 | D:1      | Reached XP level 1. HP: 23/23 MP: 1/1
   489 | D:1      | Reached XP level 2. HP: 29/29 MP: 2/2
  1319 | D:2      | Reached XP level 3. HP: 27/35 MP: 3/3
  1449 | D:2      | Identified the +6 flail of Equilibrium {venom, rN+ Str+3}
  1585 | D:2      | Found Xaed Qusk's Weapon Shop.
  1630 | D:2      | Reached skill level 1 in Invocations
  1850 | D:2      | Reached skill level 1 in Short Blades
  1850 | D:2      | Reached skill level 1 in Long Blades
  1850 | D:2      | Reached skill level 1 in Axes
  1850 | D:2      | Reached skill level 1 in Maces & Flails
  1850 | D:2      | Reached skill level 1 in Polearms
  1850 | D:2      | Reached skill level 1 in Staves
  1850 | D:2      | Reached skill level 1 in Slings
  1850 | D:2      | Reached skill level 1 in Bows
  1850 | D:2      | Reached skill level 1 in Crossbows
  1850 | D:2      | Reached skill level 1 in Throwing
  1850 | D:2      | Reached skill level 1 in Armour
  1850 | D:2      | Reached skill level 1 in Shields
  1850 | D:2      | Reached skill level 1 in Spellcasting
  1850 | D:2      | Reached skill level 1 in Evocations
  2293 | D:3      | Reached XP level 4. HP: 35/41 MP: 5/5
  2367 | D:3      | Found a glowing golden altar of the Shining One.
  2414 | D:3      | Noticed a black bear
  2420 | D:3      | Killed a black bear
  2421 | D:3      | Reached skill level 1 in Conjurations
  2421 | D:3      | Reached skill level 1 in Hexes
  2421 | D:3      | Reached skill level 1 in Summonings
  2421 | D:3      | Reached skill level 1 in Necromancy
  2421 | D:3      | Reached skill level 1 in Translocations
  2421 | D:3      | Reached skill level 1 in Transmutations
  2421 | D:3      | Reached skill level 1 in Fire Magic
  2421 | D:3      | Reached skill level 1 in Ice Magic
  2421 | D:3      | Reached skill level 1 in Air Magic
  2421 | D:3      | Reached skill level 1 in Earth Magic
  2421 | D:3      | Reached skill level 1 in Poison Magic
  2421 | D:3      | Reached XP level 5. HP: 24/47 MP: 5/7
  2619 | D:3      | Found a faded altar of an unknown god.
  2767 | D:3      | Found a shimmering blue altar of Sif Muna.
  3280 | D:4      | Found a staircase to the Ecumenical Temple.
  3454 | D:4      | Noticed Natasha
  3462 | D:4      | Killed Natasha
  3463 | D:4      | Reached skill level 2 in Invocations
  3463 | D:4      | Reached XP level 6. HP: 38/53 MP: 8/8
  3559 | Temple   | Entered the Ecumenical Temple
  3831 | Temple   | Became a worshipper of Warmaster Okawaru
  3831 | Temple   | Reached * piety under Okawaru
  3831 | Temple   | Reached ** piety under Okawaru
  4280 | D:4      | Noticed Natasha
  4304 | D:4      | Killed Natasha
  4365 | D:4      | Noticed Natasha
  4373 | D:4      | Killed Natasha
  4374 | D:4      | Reached skill level 2 in Short Blades
  4374 | D:4      | Reached skill level 2 in Long Blades
  4374 | D:4      | Reached skill level 2 in Axes
  4374 | D:4      | Reached skill level 2 in Maces & Flails
  4374 | D:4      | Reached skill level 2 in Polearms
  4374 | D:4      | Reached skill level 2 in Staves
  4374 | D:4      | Reached skill level 2 in Slings
  4374 | D:4      | Reached skill level 2 in Bows
  4374 | D:4      | Reached skill level 2 in Crossbows
  4374 | D:4      | Reached skill level 2 in Throwing
  4374 | D:4      | Reached skill level 2 in Armour
  4374 | D:4      | Reached skill level 2 in Shields
  4374 | D:4      | Reached skill level 2 in Spellcasting
  4374 | D:4      | Reached skill level 2 in Evocations
  4524 | D:4      | Found a blossoming altar of Fedhas.
  4719 | D:4      | Found a runed translucent door.
  4720 | D:4      | Noticed Crazy Yiuf
  4769 | D:4      | Reached XP level 7. HP: 55/59 MP: 10/10
  5303 | D:4      | Killed Crazy Yiuf
  5304 | D:4      | Reached skill level 7 in Fighting
  5304 | D:4      | Reached skill level 7 in Dodging
  5304 | D:4      | Reached skill level 7 in Unarmed Combat
  5328 | D:5      | Entered Level 5 of the Dungeon
  5337 | D:5      | Reached skill level 2 in Conjurations
  5337 | D:5      | Reached skill level 2 in Hexes
  5337 | D:5      | Reached skill level 2 in Summonings
  5337 | D:5      | Reached skill level 2 in Necromancy
  5337 | D:5      | Reached skill level 2 in Translocations
  5337 | D:5      | Reached skill level 2 in Transmutations
  5337 | D:5      | Reached skill level 2 in Fire Magic
  5337 | D:5      | Reached skill level 2 in Ice Magic
  5337 | D:5      | Reached skill level 2 in Air Magic
  5337 | D:5      | Reached skill level 2 in Earth Magic
  5337 | D:5      | Reached skill level 2 in Poison Magic
  5449 | D:5      | Reached skill level 5 in Stealth
  5625 | D:5      | Reached skill level 3 in Invocations
  5667 | D:5      | Reached *** piety under Okawaru
  5668 | D:5      | Reached XP level 8. HP: 67/67 MP: 12/12
  5806 | D:5      | Reached skill level 3 in Short Blades
  5806 | D:5      | Reached skill level 3 in Long Blades
  5806 | D:5      | Reached skill level 3 in Axes
  5806 | D:5      | Reached skill level 3 in Maces & Flails
  5806 | D:5      | Reached skill level 3 in Polearms
  5806 | D:5      | Reached skill level 3 in Staves
  5806 | D:5      | Reached skill level 3 in Slings
  5806 | D:5      | Reached skill level 3 in Bows
  5806 | D:5      | Reached skill level 3 in Crossbows
  5806 | D:5      | Reached skill level 3 in Throwing
  5806 | D:5      | Reached skill level 3 in Armour
  5806 | D:5      | Reached skill level 3 in Shields
  5806 | D:5      | Reached skill level 3 in Spellcasting
  5806 | D:5      | Reached skill level 3 in Evocations
  5873 | D:5      | Found an opulent altar of Gozag.
  5873 | D:5      | Found a sparkling altar of Nemelex Xobeh.
  6097 | D:5      | Found a hide-covered altar of Uskayaw.
  6217 | D:5      | Found a bloodstained altar of Trog.
  6326 | D:5      | Found an ornate altar of the Wu Jian Council.
  6473 | D:6      | You are sucked into a shaft and drop 1 floor!
  6610 | D:7      | Reached skill level 3 in Conjurations
  6610 | D:7      | Reached skill level 3 in Hexes
  6610 | D:7      | Reached skill level 3 in Summonings
  6610 | D:7      | Reached skill level 3 in Necromancy
  6610 | D:7      | Reached skill level 3 in Translocations
  6610 | D:7      | Reached skill level 3 in Transmutations
  6610 | D:7      | Reached skill level 3 in Fire Magic
  6610 | D:7      | Reached skill level 3 in Ice Magic
  6610 | D:7      | Reached skill level 3 in Air Magic
  6610 | D:7      | Reached skill level 3 in Earth Magic
  6610 | D:7      | Reached skill level 3 in Poison Magic
  6610 | D:7      | Reached skill level 4 in Invocations
  7112 | D:7      | Reached XP level 9. HP: 72/72 MP: 12/14
  7135 | D:7      | Found a glowing silver altar of Zin.
  7445 | D:8      | Reached skill level 4 in Short Blades
  7445 | D:8      | Reached skill level 4 in Long Blades
  7445 | D:8      | Reached skill level 4 in Axes
  7445 | D:8      | Reached skill level 4 in Maces & Flails
  7445 | D:8      | Reached skill level 4 in Polearms
  7445 | D:8      | Reached skill level 4 in Staves
  7445 | D:8      | Reached skill level 4 in Slings
  7445 | D:8      | Reached skill level 4 in Bows
  7445 | D:8      | Reached skill level 4 in Crossbows
  7445 | D:8      | Reached skill level 4 in Throwing
  7445 | D:8      | Reached skill level 4 in Armour
  7445 | D:8      | Reached skill level 4 in Shields
  7445 | D:8      | Reached skill level 4 in Spellcasting
  7445 | D:8      | Reached skill level 4 in Evocations
  7694 | D:8      | Found a burning altar of Makhleb.
  7889 | D:8      | Reached skill level 6 in Stealth
  7957 | D:8      | Slain by a wight

Vanquished Creatures
  A water moccasin (D:7)
  A sky beast (D:8)
  An orc warrior (D:8)
  3 ice beasts
  2 black bears
  A centaur (D:8)
  An ogre (D:4)
  A bullfrog (D:7)
  A gnoll sergeant (D:8)
  2 scorpions (D:5)
  11 wights
  A howler monkey (D:5)
  6 hounds
  2 orc priests (D:4)
  2 jellies
  A gnoll shaman (D:4)
  Crazy Yiuf (D:4)
  An iguana (D:5)
  2 orc wizards (D:8)
  Natasha (thrice) (D:4)
  8 gnolls
  5 adders
  A white imp (D:6)
  4 worms
  A dart slug (D:2)
  13 orcs
  10 bats
  5 endoplasms
  A giant cockroach (D:3)
  6 goblins
  4 hobgoblins
  3 jackals (D:5)
  6 kobolds
  4 quokkas
  3 ball pythons
  2 frilled lizards (D:2)
  3 rats
123 creatures vanquished.

Vanquished Creatures (others)
  3 plants (D:8)
3 creatures vanquished.

Grand Total: 126 creatures vanquished
